 Dungeon Crawl Stone Soup version 0.30-a0-782-ge64f9170bb (webtiles) character file.

Game seed: 9218981833199670105

280 MacCMillion the Chopper (level 6, -3/52 HPs)
             Began as a Hill Orc Fighter on Feb 28, 2023.
             Slain by a wyvern (13 damage)
             ... on level 5 of the Dungeon.
             The game lasted 00:05:27 (2957 turns).

MacCMillion the Chopper (Hill Orc Fighter)          Turns: 2957, Time: 00:05:28

Health: -3/52      AC:  8    Str: 21    XL:     6   Next: 27%
Magic:  6/6        EV:  9    Int:  8    God:
Gold:   218        SH:  9    Dex: 10    Spells: 5/5 levels left

rFire   . . .      SeeInvis .    a - +0 war axe
rCold   + . .      Faith    .    c - +0 buckler
rNeg    . . .      Spirit   .    b - +0 scale mail
rPois   .          Reflect  +    (no helmet)
rElec   .          Harm     .    (no cloak)
rCorr   .          Rampage  .    j - +0 pair of gloves
Will    .....                    (no boots) Stlth
                                 i - amulet of reflection
HPRegen 0.28/turn                l - ring of protection from cold
MPRegen 0.10/turn                (no ring)

@: no status effects
A: no striking features
a: no special abilities


You were on level 5 of the Dungeon.
You visited 1 branch of the dungeon, and saw 5 of its levels.

You collected 322 gold pieces.
You spent 104 gold pieces at shops.

Inventory:

Hand Weapons
 a - a +0 war axe (weapon)
Missiles
 x - a throwing net (quivered)
Armour
 b - a +0 scale mail (worn)
 c - a +0 buckler (worn)
 j - a +0 pair of gloves (worn)
Jewellery
 i - an amulet of reflection (around neck)
 l - a ring of protection from cold (left hand)
 m - a ring of fire
 v - a ring of wizardry
Wands
 s - a wand of paralysis (8)
 w - a wand of roots (9)
Scrolls
 e - 3 scrolls of identify {unknown}
 h - a scroll of fear {unknown}
 n - a scroll of torment {unknown}
 o - 2 scrolls of blinking {unknown}
 p - a scroll of enchant weapon {unknown}
 r - a scroll of noise {unknown}
 t - a scroll of teleportation {unknown}
 u - a scroll of brand weapon {unknown}
Potions
 d - a potion of might
 f - a potion of cancellation {unknown}
 g - a potion of heal wounds
 k - 2 potions of curing
 q - a potion of ambrosia {unknown}


   Skills:
 - Level 4.0 Fighting
 + Level 7.6 Axes
 - Level 3.6 Armour
 - Level 4.0 Shields


You had 5 spell levels left.
You didn't know any spells.
Your spell library contained the following spells:

 Spells                   Type           Power      Damage    Failure   Level
 Sting                    Tmut/Pois      0%         1d3       83%         1
 Poisonous Vapours        Pois/Air       0%         N/A       93%         2
 Static Discharge         Conj/Air       0%         2-2/arc   93%         2
 Hailstorm                Conj/Ice       0%         3d3       99%         3
 Vhi's Electric Charge    Tloc/Air       0%         N/A       99%         3
 Ice Form                 Ice/Tmut       0%         N/A       100%        4
 Olgreb's Toxic Radiance  Pois           0%         N/A       100%        4
 Alistair's Intoxication  Tmut/Pois      0%         N/A       100%        5
 Arcjolt                  Conj/Air       0%         1d10      100%        5
 Borgnjor's Vile Clutch   Necr/Erth      0%         N/A       100%        5
 Lightning Bolt           Conj/Air       0%         1d11      100%        5
 Eringya's Noxious Bog    Tmut/Pois      0%         N/A       100%        6
 Simulacrum               Ice/Necr       0%         N/A       100%        6


Dungeon Overview and Level Annotations

Branches:
Dungeon (5/15)             Temple (0/1) D:4

Altars:
Wu Jian

Shops:
D:2 !

Annotations:
D:3 Grinder
D:4 Pikel


Message History

You slash the orc!
You kill the orc!
You slash the wyvern! The wyvern barely misses you.
You barely miss the wyvern.
The wyvern is moderately wounded.
The wyvern bites you. The wyvern bites you!
You completely miss the wyvern.
The wyvern is moderately wounded.
The wyvern hisses menacingly.
The wyvern barely misses you. The wyvern bites you!
You are too injured to fight recklessly!
You hit the wyvern but do no damage.
The wyvern is moderately wounded.
The wyvern bites you. You block the wyvern's attack.
You hit the wyvern but do no damage.
The wyvern is moderately wounded.
You block the wyvern's attack.
You closely miss the wyvern.
The wyvern is moderately wounded.
The wyvern barely misses you. You block the wyvern's attack.
You barely miss the wyvern.
The wyvern is lightly wounded.
You block the wyvern's attack.
The wyvern hisses menacingly.
You block the wyvern's attack.
You closely miss the wyvern.
The wyvern is lightly wounded.
You block the wyvern's attack.
You barely miss the wyvern.
The wyvern is lightly wounded.
You block the wyvern's attack. The wyvern bites you!
* * * LOW HITPOINT WARNING * * *
You hit the wyvern.
The wyvern is moderately wounded.
You block the wyvern's attack.
The wyvern bites you but does no damage.
You hit the wyvern.
The wyvern is moderately wounded.
The wyvern bites you!
You die...

#.....###
#........ ##...###
#..#.###.
#..#...####..#.# .
##.####...###.#..
#..#..###..).)####
##.##.. .##)##.#
#..#..#..#..##.#
##.##l)..##.##...
#...#@# .. ####
###...# #.#
###...#.. ###...#
##.# #


You could see a wyvern.

Vanquished Creatures
  A lemure (D:4)
  2 scorpion zombies (D:3)
  An orc wizard (D:4)
  4 gnolls (D:5)
  8 adders
  2 adder zombies (D:3)
  An adder skeleton (D:3)
  3 worms
  5 orcs
  3 endoplasms
  3 giant cockroaches
  6 goblins
  8 hobgoblins
  4 quokkas
  8 ball pythons
  A ball python zombie (D:3)
  3 bats
  3 frilled lizards
  6 kobolds
  5 rats
77 creatures vanquished.

Vanquished Creatures (others)
  2 plants (D:1)
  2 withered plants (D:3)
4 creatures vanquished.

Grand Total: 81 creatures vanquished

Notes
Turn   | Place    | Note
-------+----------+-------------------------------------------
     0 | D:1      | MacCMillion the Hill Orc Fighter began the quest for the
                  | Orb.
     0 | D:1      | Reached XP level 1. HP: 19/19 MP: 1/1
   176 | D:1      | Reached XP level 2. HP: 23/27 MP: 2/2
   180 | D:1      | Reached skill level 3 in Axes
   629 | D:1      | Reached XP level 3. HP: 26/33 MP: 3/3
   799 | D:2      | Found Eginwej's Distillery.
   840 | D:2      | Bought a potion of heal wounds for 65 gold pieces
   840 | D:2      | Bought a potion of curing for 39 gold pieces
  1188 | D:2      | Reached skill level 4 in Axes
  1218 | D:2      | Reached XP level 4. HP: 40/40 MP: 4/4
  1477 | D:3      | Reached skill level 5 in Axes
  1513 | D:3      | Reached XP level 5. HP: 44/46 MP: 5/5
  1550 | D:3      | Noticed Grinder
  1552 | D:3      | Paralysed by Grinder for 5 turns
  1775 | D:3      | Reached skill level 6 in Axes
  1923 | D:4      | Found a staircase to the Ecumenical Temple.
  2248 | D:4      | Noticed a lemure
  2278 | D:4      | Killed a lemure
  2355 | D:4      | Reached skill level 7 in Axes
  2355 | D:4      | Reached XP level 6. HP: 49/52 MP: 6/6
  2495 | D:4      | Noticed Pikel
  2797 | D:5      | Entered Level 5 of the Dungeon
  2857 | D:5      | Found an ornate altar of the Wu Jian Council.
  2944 | D:5      | Noticed a wyvern
  2957 | D:5      | Slain by a wyvern

Illustrated notes

Levels and vault maps discovered:
D:1:      saegor_arrival_simple_e, layout_loops_cross, serial_forest,
          infiniplex_forest_clump_C, infiniplex_forest_end_1,
          infiniplex_forest_corner_1, infiniplex_forest_clump_double,
          infiniplex_forest_clump_curved
D:2:      layout_basic, serial_shops, shop_coins
D:3:      layout_basic, serial_undead, serial_undead_a, serial_undead_d,
          serial_undead_f, serial_undead_b, serial_undead_a,
          serial_bayou_pond_d, uniq_grinder
D:4:      layout_basic, minmay_temple_entry_stoned_glass, uniq_pikel
D:5:      minmay_skewed_foursquare, layout_loops_ring,
          overflow_temple_1_default, gammafunk_ghost_cemetery, uniq_sigmund

Skill      XL: |  1  2  3  4  5 |
---------------+----------------+-----
Axes           | 3 4 5 7 |  7.6
Fighting       | 4 |  4.0
Shields        | 4 |  4.0
Armour         | |  3.6

Action                     |  1- 3 |  4- 6 || total
---------------------------+-------+-------++-------
  Melee: War axe           |    94 |   166 ||   260
    Use: Potion            |     1 |     1 ||     2
 Armour: Scale mail        |    37 |    50 ||    87
  Dodge: Dodged            |    49 |    53 ||   102
  Block: Buckler           |    26 |    76 ||   102
         Reflection        |       |     1 ||     1

Table legend: (Time is in decaauts)
 A = Elapsed time spent in this place.
 B = Non-inter-level travel time spent in this place.
 C = Inter-level travel time spent in this place.
 D = Time resting spent in this place.
 E = Time spent auto-exploring this place.
 F = Levels seen in this place.
 G = Mean time per level.
                   A        B        C        D        E       F      G
               +--------+--------+--------+--------+--------+-----+--------+
         Total |   3031 |   2847 |    184 |     55 |   1908 |   5 |  606.2 |
       Dungeon |   3031 |   2847 |    184 |     55 |   1908 |   5 |  606.2 |
               +--------+--------+--------+--------+--------+-----+--------+

Top non-repeatable levels by time:
     D:4: 835 daAuts
     D:1: 820 daAuts
     D:2: 745 daAuts
     D:3: 464 daAuts
     D:5: 165 daAuts
